[Event "WJCC U20 Girls 2019"]
[Site "New Delhi"]
[Date "2019.10.17"]
[Round "4.23"]
[White "Ulziikhishigjargal, Ochirkhuyag"]
[Black "Savitha Shri B"]
[Result "1/2-1/2"]
[ECO "B22"]
[WhiteElo "2194"]
[BlackElo "1916"]
[Annotator "NA"]
[PlyCount "90"]
[EventDate "2019.10.15"]
[EventType "swiss"]
[EventCountry "IND"]
[SourceTitle "playchess.com"]
[Source "ChessBase"]
[SourceQuality "1"]
[TimeControl "40/5400+30:1800+30"]

1. e4 c5 2. c3 d5 3. exd5 Qxd5 4. d4 e6 5. Nf3 Nc6 6. Be2 Nf6 7. O-O cxd4 8. Nxd4 Nxd4 9. Qxd4 Bc5 10. Qxd5 Nxd5 11. Bf3 O-O 12. Rd1 Re8 13. Nd2 a6 14. Ne4 Be7 15. c4 Nb4 16. Bf4 Nc6 17. Bd6 f5 18. Nc5 Bf6 19. Bxc6 bxc6 20. Rab1 e5 21. b4 Be6 22. Nxe6 Rxe6 23. a4 Be7 24. Bc7 Ra7 25. Bb6 Rb7 26. a5 Rd6 27. Rxd6 Bxd6 28. b5 cxb5 29. cxb5 axb5 30. Rxb5 Bb8 31. Kf1 Bc7 32. a6 Rxb6 33. a7 Ra6 34. Rb8+ Kf7 35. a8=Q Rxa8 36. Rxa8 Bb6 37. Ke2 Bd4 38. f3 Kf6 39. h4 h5 40. Ra6+ Kf7 41. Ra4 Kf6 42. Ra6+ Kf7 43. Rc6 Bg1 44. Rc1 Bd4 45. Rc6 Bg1 1/2-1/2

[Event "WJCC U20 Girls 2019"]
[Site "New Delhi"]
[Date "2019.10.17"]
[Round "4.24"]
[White "Bakshi, Rutuja"]
[Black "Aakanksha Hagawane"]
[Result "1/2-1/2"]
[ECO "A05"]
[WhiteElo "2029"]
[BlackElo "2181"]
[Annotator "NA"]
[PlyCount "82"]
[EventDate "2019.10.15"]
[EventType "swiss"]
[EventCountry "IND"]
[SourceTitle "playchess.com"]
[Source "ChessBase"]
[SourceQuality "1"]
[TimeControl "40/5400+30:1800+30"]

1. Nf3 Nf6 2. c4 g6 3. g3 Bg7 4. Bg2 d5 5. cxd5 Nxd5 6. Nc3 Nc6 7. a3 O-O 8. O-O Nb6 9. d3 h6 10. Qc2 e5 11. b4 Be6 12. Ne4 Bd5 13. Bb2 Bxe4 14. dxe4 a6 15. e3 Qe7 16. Nd2 Rfd8 17. Rfd1 Rd6 18. Bc3 Qd7 19. a4 a5 20. b5 Nb4 21. Bxb4 axb4 22. a5 Nc8 23. Bf1 Bf8 24. Nc4 Rxd1 25. Rxd1 Qe8 26. Qb2 Nd6 27. Nxd6 Bxd6 28. Ra1 c6 29. b6 Bc5 30. Bc4 Qe7 31. Bb3 Qd6 32. Qc2 Qe7 33. Ra2 Kf8 34. Qc4 Kg7 35. Kg2 Ra6 36. h3 h5 37. h4 Kf8 38. Kg1 Kg7 39. Kg2 Kf8 40. Kg1 Kg7 41. Kg2 Kf8 1/2-1/2

[Event "WJCC U20 Girls 2019"]
[Site "New Delhi"]
[Date "2019.10.17"]
[Round "4.26"]
[White "Chitlange Sakshi"]
[Black "Tsotsonava, Elene"]
[Result "1-0"]
[ECO "D00"]
[WhiteElo "2175"]
[BlackElo "1905"]
[Annotator "NA"]
[PlyCount "65"]
[EventDate "2019.10.15"]
[EventType "swiss"]
[EventCountry "IND"]
[SourceTitle "playchess.com"]
[Source "ChessBase"]
[SourceQuality "1"]
[TimeControl "40/5400+30:1800+30"]

1. d4 d5 2. Bf4 c5 3. e3 Nc6 4. Nf3 Bg4 5. Be2 cxd4 6. exd4 Qb6 7. Nc3 Bxf3 8. Bxf3 e6 9. Ne2 Nf6 10. O-O Be7 11. Rb1 O-O 12. c3 Qa6 13. Nc1 Na5 14. Be2 Qc6 15. Nd3 Nc4 16. Ne5 Nxe5 17. dxe5 Ne4 18. Bd3 f5 19. exf6 Rxf6 20. Be5 Rf5 21. Bd4 e5 22. Be3 Raf8 23. Qe2 Bg5 24. f3 Nd6 25. Bxf5 Rxf5 26. Bxg5 Rxg5 27. f4 exf4 28. Qe6+ Kh8 29. Rxf4 Qc5+ 30. Kh1 h6 31. h4 Rg3 32. Rf8+ Kh7 33. h5 1-0

[Event "WJCC U20 Girls 2019"]
[Site "New Delhi"]
[Date "2019.10.17"]
[Round "4.27"]
[White "Meghna, C H"]
[Black "Priyanka, Kumari"]
[Result "0-1"]
[ECO "B23"]
[WhiteElo "1956"]
[BlackElo "1921"]
[Annotator "NA"]
[PlyCount "76"]
[EventDate "2019.10.15"]
[EventType "swiss"]
[EventCountry "IND"]
[SourceTitle "playchess.com"]
[Source "ChessBase"]
[SourceQuality "1"]
[TimeControl "40/5400+30:1800+30"]

1. e4 c5 2. Nc3 a6 3. g3 b5 4. Bg2 Bb7 5. d3 e6 6. Nh3 b4 7. Ne2 d5 8. O-O Nf6 9. e5 Nfd7 10. f4 Nc6 11. f5 exf5 12. Nef4 Ndxe5 13. Nxd5 Ne7 14. Nf6+ gxf6 15. Bxb7 Ra7 16. Bg2 Qd4+ 17. Kh1 h5 18. Rf4 Qd7 19. Qg1 N7g6 20. Be3 Rc7 21. Re1 h4 22. d4 cxd4 23. Rxd4 Qc8 24. Red1 Be7 25. Qe1 hxg3 26. Qxg3 Rxc2 27. Kg1 Ng4 28. Bf4 Bc5 29. Bd6 Bxd4+ 30. Rxd4 Rc1+ 31. Bf1 Qe6 32. Rxb4 Qe3+ 33. Nf2 Qxg3+ 34. Bxg3 Ne3 35. Rb8+ Kd7 36. Rb7+ Ke8 37. Rb8+ Ke7 38. Rb7+ Kf8 0-1

[Event "WJCC U20 Girls 2019"]
[Site "New Delhi"]
[Date "2019.10.17"]
[Round "4.28"]
[White "Sapale Saloni"]
[Black "Lakshmi C"]
[Result "1/2-1/2"]
[ECO "B33"]
[WhiteElo "2142"]
[BlackElo "1859"]
[Annotator "NA"]
[PlyCount "75"]
[EventDate "2019.10.15"]
[EventType "swiss"]
[EventCountry "IND"]
[SourceTitle "playchess.com"]
[Source "ChessBase"]
[SourceQuality "1"]
[TimeControl "40/5400+30:1800+30"]

1. e4 c5 2. Nf3 Nc6 3. d4 cxd4 4. Nxd4 Nf6 5. Nc3 e5 6. Ndb5 d6 7. Bg5 a6 8. Na3 b5 9. Nd5 Be7 10. Bxf6 Bxf6 11. c4 b4 12. Nc2 a5 13. g3 Bg5 14. h4 Bh6 15. Bh3 Bxh3 16. Rxh3 Ne7 17. g4 Nxd5 18. Qxd5 Bf4 19. Rd1 O-O 20. Qd3 Qc8 21. Qe2 Ra6 22. b3 h5 23. f3 hxg4 24. fxg4 Qc5 25. Kf1 Qc7 26. Ne1 f6 27. Nd3 Bh6 28. Kg2 Qb7 29. Rf3 g6 30. Rdf1 Bg7 31. Nb2 Raa8 32. Kh3 Rf7 33. Qd3 Raf8 34. Qe2 Qd7 35. Qf2 Qb7 36. Qe2 Qd7 37. Qf2 Qb7 38. Qe2 1/2-1/2

[Event "WJCC U20 Girls 2019"]
[Site "New Delhi"]
[Date "2019.10.17"]
[Round "4.29"]
[White "Aouachria, Marwa"]
[Black "Nilssen, Ellen Fredericia"]
[Result "1/2-1/2"]
[ECO "C01"]
[WhiteElo "1839"]
[BlackElo "2137"]
[Annotator "NA"]
[PlyCount "61"]
[EventDate "2019.10.15"]
[EventType "swiss"]
[EventCountry "IND"]
[SourceTitle "playchess.com"]
[Source "ChessBase"]
[SourceQuality "1"]
[TimeControl "40/5400+30:1800+30"]

1. e4 e6 2. d4 d5 3. exd5 exd5 4. Nf3 Bd6 5. c4 Nf6 6. Qe2+ Qe7 7. c5 Qxe2+ 8. Bxe2 Be7 9. Bf4 c6 10. Nbd2 b6 11. b4 a5 12. Bc7 Na6 13. Bxb6 Nxb4 14. O-O Nd7 15. Bc7 Bf6 16. Rfc1 O-O 17. a3 Na6 18. Bd6 Re8 19. Bd3 Nf8 20. Be5 Bd8 21. h3 Ne6 22. Rab1 Nac7 23. Re1 Ba6 24. Bxa6 Nxa6 25. Rb7 Bc7 26. Bxc7 Naxc7 27. a4 Na6 28. Nb3 Nb4 29. Rd1 Na2 30. Rd3 Nf4 31. Re3 1/2-1/2

[Event "WJCC U20 Girls 2019"]
[Site "New Delhi"]
[Date "2019.10.17"]
[Round "4.30"]
[White "Harshita Guddanti"]
[Black "Bhagyashree Patil"]
[Result "1-0"]
[ECO "C97"]
[WhiteElo "2123"]
[BlackElo "1802"]
[Annotator "NA"]
[PlyCount "59"]
[EventDate "2019.10.15"]
[EventType "swiss"]
[EventCountry "IND"]
[SourceTitle "playchess.com"]
[Source "ChessBase"]
[SourceQuality "1"]
[TimeControl "40/5400+30:1800+30"]

1. e4 e5 2. Nf3 Nc6 3. Bb5 a6 4. Ba4 Nf6 5. O-O Be7 6. Re1 b5 7. Bb3 d6 8. c3 O-O 9. h3 Na5 10. Bc2 c5 11. d4 Qc7 12. Nbd2 Bd7 13. d5 c4 14. Nf1 Kh8 15. Ng3 g6 16. Nh2 Ng8 17. Rf1 Nb7 18. Be3 Nc5 19. f4 f6 20. Nf3 a5 21. f5 g5 22. h4 gxh4 23. Nxh4 Be8 24. Kf2 Bd8 25. Rh1 Qg7 26. Nh5 Bxh5 27. Qxh5 Ne7 28. Bh6 Qf7 29. Ng6+ hxg6 30. Bg7+ 1-0

[Event "WJCC U20 Girls 2019"]
[Site "New Delhi"]
[Date "2019.10.17"]
[Round "4.31"]
[White "Blazeka, Mihaela"]
[Black "Potluri Supreetha"]
[Result "1/2-1/2"]
[ECO "B54"]
[WhiteElo "2109"]
[BlackElo "1767"]
[Annotator "NA"]
[PlyCount "77"]
[EventDate "2019.10.15"]
[EventType "swiss"]
[EventCountry "IND"]
[SourceTitle "playchess.com"]
[Source "ChessBase"]
[SourceQuality "1"]
[TimeControl "40/5400+30:1800+30"]

1. e4 c5 2. Nf3 d6 3. d4 cxd4 4. Nxd4 Nf6 5. f3 e5 6. Nb3 d5 7. Bg5 Be6 8. exd5 Qxd5 9. Nc3 Bb4 10. Bxf6 Bxc3+ 11. bxc3 Qxd1+ 12. Rxd1 gxf6 13. Nc5 b6 14. Bb5+ Ke7 15. Nxe6 fxe6 16. O-O Rc8 17. Rd3 a6 18. Ba4 b5 19. Bb3 Nd7 20. f4 exf4 21. Rh3 Nf8 22. Rxf4 Rc5 23. Kf2 Rac8 24. Rff3 Rg5 25. Rh6 Rg6 26. Rh4 Rg7 27. Re4 Rc5 28. a4 f5 29. Rb4 Ng6 30. Rg3 Kf6 31. axb5 axb5 32. c4 bxc4 33. Rxc4 Rxc4 34. Bxc4 Rc7 35. Bb3 Ne5 36. Ke2 h5 37. Rg8 Nc6 38. Rh8 Kg6 39. Rg8+ 1/2-1/2

[Event "WJCC U20 Girls 2019"]
[Site "New Delhi"]
[Date "2019.10.17"]
[Round "4.33"]
[White "Tanishka Kotia"]
[Black "Jayaweera, Sayuni Gihansa"]
[Result "0-1"]
[ECO "B22"]
[WhiteElo "2090"]
[BlackElo "1788"]
[Annotator "NA"]
[PlyCount "52"]
[EventDate "2019.10.15"]
[EventType "swiss"]
[EventCountry "IND"]
[SourceTitle "playchess.com"]
[Source "ChessBase"]
[SourceQuality "1"]
[TimeControl "40/5400+30:1800+30"]

1. e4 c5 2. c3 g6 3. d4 cxd4 4. cxd4 d5 5. e5 Bg7 6. Nc3 a6 7. Nf3 Nc6 8. Be3 Nh6 9. Qb3 e6 10. Bd3 O-O 11. h3 f6 12. O-O-O fxe5 13. Nxe5 Nxe5 14. dxe5 b5 15. Kb1 Rb8 16. g4 Qa5 17. Be2 Bb7 18. Rhf1 Bc6 19. Bc5 Rf4 20. Bd6 Re8 21. Nxd5 Bxd5 22. Rxd5 exd5 23. Qxd5+ Kh8 24. Qc6 Rg8 25. Rd1 Rxf2 26. Bd3 Rd2 0-1

[Event "WJCC U20 Girls 2019"]
[Site "New Delhi"]
[Date "2019.10.17"]
[Round "4.34"]
[White "Fretel, Liza"]
[Black "Bauyrzhan, Arnash"]
[Result "1-0"]
[ECO "B24"]
[WhiteElo "1877"]
[BlackElo "2075"]
[Annotator "NA"]
[PlyCount "115"]
[EventDate "2019.10.15"]
[EventType "swiss"]
[EventCountry "IND"]
[SourceTitle "playchess.com"]
[Source "ChessBase"]
[SourceQuality "1"]
[TimeControl "40/5400+30:1800+30"]

1. e4 c5 2. Nc3 Nc6 3. Bb5 Nd4 4. Bc4 g6 5. Nge2 Bg7 6. O-O e6 7. Nxd4 cxd4 8. Ne2 Ne7 9. f4 O-O 10. d3 d5 11. Bb3 dxe4 12. dxe4 b6 13. Bc4 Bb7 14. Bd3 Qd7 15. f5 exf5 16. exf5 Qc6 17. Rf2 Rae8 18. a4 a6 19. Nf4 Bc8 20. fxg6 fxg6 21. Qf1 Kh8 22. Bd2 Nd5 23. Nxd5 Rxf2 24. Qxf2 Qxd5 25. Re1 Rf8 26. Qe2 Bf5 27. Bb4 Bxd3 28. Qxd3 Rd8 29. b3 Kg8 30. Re4 Bh6 31. Qf3 Be3+ 32. Kf1 Qf5 33. Qxf5 gxf5 34. Re6 Rc8 35. c4 a5 36. Be1 Rd8 37. Bh4 Rd7 38. Ke1 f4 39. Rxb6 d3 40. Rb5 Bd4 41. Kd2 Bc3+ 42. Kd1 h6 43. Rd5 Rxd5 44. cxd5 Kf7 45. Be1 Bxe1 46. Kxe1 Ke7 47. Kd2 Kd6 48. Kc3 h5 49. Kxd3 Kxd5 50. h3 h4 51. b4 axb4 52. a5 Kc5 53. a6 Kb6 54. Kc4 Kxa6 55. Kxb4 Kb6 56. Kc4 Kc6 57. Kd4 Kd6 58. Ke4 {[%emt 0:00:00] Kd5+} 1-0

[Event "WJCC U20 Girls 2019"]
[Site "New Delhi"]
[Date "2019.10.17"]
[Round "4.35"]
[White "Ortiz Verdezoto, Anahi"]
[Black "Levitan, Ronit"]
[Result "1/2-1/2"]
[ECO "D31"]
[WhiteElo "2055"]
[BlackElo "1893"]
[Annotator "NA RC"]
[PlyCount "163"]
[EventDate "2019.10.15"]
[EventType "swiss"]
[EventCountry "IND"]
[SourceTitle "playchess.com"]
[Source "ChessBase"]
[SourceQuality "1"]
[TimeControl "40/5400+30:1800+30"]

1. d4 d5 2. c4 e6 3. Nc3 Be7 4. cxd5 exd5 5. Nf3 Nf6 6. Bg5 O-O 7. Qc2 b6 8. e3 Nbd7 9. Bd3 Bb7 10. O-O c5 11. Bf5 Ne4 12. Bxe7 Qxe7 13. dxc5 Ndxc5 14. Rfd1 Rfd8 15. Rac1 g6 16. Bh3 Nxc3 17. Qxc3 Bc8 18. Bxc8 Raxc8 19. h3 Qb7 20. Ne5 Ne6 21. Nc6 Re8 22. b4 d4 23. exd4 Nf4 24. Rd2 Nd5 25. Qc4 Nxb4 26. d5 a5 27. a3 b5 28. Qc3 Nxc6 29. dxc6 Qb6 30. Rd7 Red8 31. Rb7 Qd4 32. Qxd4 Rxd4 33. c7 Re4 34. Rxb5 Re7 35. Rb8 Ree8 36. Rb6 Kg7 37. g4 Re7 38. Rbc6 g5 39. R1c5 h6 40. Kg2 Kh7 41. Kg3 Kg7 42. f3 f6 43. h4 Kg6 44. h5+ Kg7 45. Kf2 a4 46. Rc4 Kf7 47. Rxa4 Rexc7 48. Rxc7+ Rxc7 49. Ra6 Rc3 50. a4 Ra3 51. a5 Kg7 52. Ra7+ Kf8 53. Ra8+ Kg7 54. a6 Kh7 55. a7 Kg7 56. Ke2 Ra2+ 57. Kd3 Ra3+ 58. Kd4 Ra4+ 59. Kd5 Ra1 60. Ke4 Re1+ 61. Kd4 Rd1+ 62. Kc3 Ra1 63. Kd2 Ra2+ 64. Ke3 Ra1 65. Rd8 Rxa7 66. Rd4 Kf7 67. f4 gxf4+ 68. Kxf4 Ke6 69. Re4+ Kf7 70. Rb4 Ke6 71. Rb8 Ra4+ 72. Kg3 Kf7 73. Rb7+ Kg8 74. Kf3 Rc4 75. Rd7 Ra4 76. Re7 Rb4 77. Re4 Rb7 78. Rd4 Re7 79. Rc4 Kf7 80. Kf4 Kg7 81. Re4 Ra7 82. Kf5 1/2-1/2

[Event "WJCC U20 Girls 2019"]
[Site "New Delhi"]
[Date "2019.10.17"]
[Round "4.36"]
[White "Ghosh Samriddhaa"]
[Black "Jain Nityata"]
[Result "1-0"]
[ECO "B19"]
[WhiteElo "1867"]
[BlackElo "2029"]
[Annotator "NA"]
[PlyCount "62"]
[EventDate "2019.10.15"]
[EventType "swiss"]
[EventCountry "IND"]
[SourceTitle "playchess.com"]
[Source "ChessBase"]
[SourceQuality "1"]
[TimeControl "40/5400+30:1800+30"]

1. e4 c6 2. d4 d5 3. Nd2 dxe4 4. Nxe4 Bf5 5. Ng3 Bg6 6. h4 h6 7. Nf3 Nd7 8. h5 Bh7 9. Bd3 Bxd3 10. Qxd3 e6 11. Bd2 Ngf6 12. O-O-O Be7 13. Kb1 O-O 14. Ne4 Nxe4 15. Qxe4 Nf6 16. Qe2 Qd5 17. Ne5 c5 18. dxc5 Qxc5 19. g4 Rac8 20. Bc1 Rfd8 21. g5 hxg5 22. Bxg5 Qb4 23. h6 Rxd1+ 24. Qxd1 g6 25. Qf3 Qc5 26. h7+ Kg7 27. Bh6+ Kh8 28. Nxf7+ Kxh7 29. Be3+ Qh5 30. Rxh5+ Nxh5 31. Qxb7 Bf8 1-0

[Event "WJCC U20 Girls 2019"]
[Site "New Delhi"]
[Date "2019.10.17"]
[Round "4.37"]
[White "Noshin, Anjum"]
[Black "Cosme Contreras, Trilce"]
[Result "1/2-1/2"]
[ECO "B90"]
[WhiteElo "1793"]
[BlackElo "2027"]
[Annotator "NA"]
[PlyCount "62"]
[EventDate "2019.10.15"]
[EventType "swiss"]
[EventCountry "IND"]
[SourceTitle "playchess.com"]
[Source "ChessBase"]
[SourceQuality "1"]
[TimeControl "40/5400+30:1800+30"]

1. e4 c5 2. Nf3 d6 3. d4 cxd4 4. Nxd4 Nf6 5. Nc3 a6 6. f3 e6 7. Be3 Be7 8. Qd2 b5 9. O-O-O Bb7 10. g4 Nc6 11. Nxc6 Bxc6 12. Kb1 Rc8 13. a3 Qc7 14. Bf4 e5 15. Be3 Nd7 16. Nd5 Bxd5 17. exd5 Nb6 18. Qf2 Rb8 19. f4 Nc4 20. Bc1 O-O 21. Bd3 exf4 22. Qxf4 Ne5 23. Be2 Rfc8 24. Qe4 a5 25. Rhg1 Qd7 26. Rg3 b4 27. Rh3 g6 28. Bd2 bxa3 29. Rxa3 Qb7 30. Rb3 Qa7 31. Ra3 Qb7 1/2-1/2

[Event "WJCC U20 Girls 2019"]
[Site "New Delhi"]
[Date "2019.10.17"]
[Round "4.38"]
[White "Srimathi R"]
[Black "Abdala Cancino, Patricia Anastas"]
[Result "1-0"]
[ECO "C55"]
[WhiteElo "1914"]
[BlackElo "1608"]
[Annotator "NA RC"]
[PlyCount "55"]
[EventDate "2019.10.15"]
[EventType "swiss"]
[EventCountry "IND"]
[SourceTitle "playchess.com"]
[Source "ChessBase"]
[SourceQuality "1"]
[TimeControl "40/5400+30:1800+30"]

1. e4 e5 2. Nf3 Nc6 3. d4 exd4 4. Bc4 Nf6 5. e5 d5 6. Bb5 Ne4 7. Nxd4 Bd7 8. Bxc6 bxc6 9. O-O Bc5 10. f3 Ng5 11. f4 Ne4 12. Be3 Bb6 13. Nc3 Nxc3 14. bxc3 O-O 15. Qe2 Qe7 16. Nf3 Rae8 17. Kh1 h6 18. Rae1 Bg4 19. Qd3 f6 20. Nh4 Bh5 21. Bxb6 cxb6 22. e6 Rd8 23. Nf5 Qc5 24. e7 Bg6 25. exd8=Q Rxd8 26. Ne7+ Qxe7 27. Rxe7 Bxd3 28. cxd3 1-0

[Event "WJCC U20 Girls 2019"]
[Site "New Delhi"]
[Date "2019.10.17"]
[Round "4.39"]
[White "Mungunzul, Bat-Erdene"]
[Black "Djuric, Anja"]
[Result "1-0"]
[ECO "E92"]
[WhiteElo "1912"]
[BlackElo "1493"]
[Annotator "NA"]
[PlyCount "121"]
[EventDate "2019.10.15"]
[EventType "swiss"]
[EventCountry "IND"]
[SourceTitle "playchess.com"]
[Source "ChessBase"]
[SourceQuality "1"]
[TimeControl "40/5400+30:1800+30"]

1. d4 Nf6 2. c4 g6 3. Nc3 Bg7 4. e4 d6 5. Nf3 O-O 6. Be2 e5 7. Be3 Nbd7 8. d5 Qe7 9. Nd2 c6 10. dxc6 bxc6 11. Nb3 a5 12. Qd3 a4 13. Nd2 Rd8 14. O-O Bb7 15. Rfd1 Nf8 16. Bf3 Ne6 17. Qc2 a3 18. Nb3 axb2 19. Qxb2 c5 20. Rdb1 Rdb8 21. Nd2 Qd8 22. Qc1 Nd4 23. Bd1 Bc6 24. a4 Qa5 25. Rxb8+ Rxb8 26. f3 Nh5 27. Nb5 Bxb5 28. cxb5 Nf4 29. Kf1 Nd3 30. Qa3 Nb4 31. Qc3 Qc7 32. Rb1 Qa7 33. Qc4 Kh8 34. Nb3 f5 35. Kg1 fxe4 36. fxe4 Qa8 37. Nd2 Qa7 38. Nf1 h5 39. Rb2 Qa8 40. Nd2 Qa7 41. Nf3 Qb7 42. Ng5 Rf8 43. Rf2 Bf6 44. Qf1 Qe7 45. Nh3 Kg7 46. g4 hxg4 47. Bxg4 Ra8 48. Rg2 Kh7 49. Bd1 Ne6 50. Qf3 Rh8 51. Qg4 Qf7 52. Bb3 Re8 53. Bg5 Kg7 54. Rf2 d5 55. Bxf6+ Kg8 56. Qh4 Qh7 57. Qxh7+ Kxh7 58. Bxd5 Nd4 59. Ng5+ Kh6 60. Nf7+ Kh5 61. Bxe5 1-0

[Event "WJCC U20 Girls 2019"]
[Site "New Delhi"]
[Date "2019.10.17"]
[Round "4.40"]
[White "Di Benedetto, Desiree"]
[Black "Rindhiya V"]
[Result "0-1"]
[ECO "A25"]
[WhiteElo "2235"]
[BlackElo "1817"]
[Annotator "NA"]
[PlyCount "102"]
[EventDate "2019.10.15"]
[EventType "swiss"]
[EventCountry "IND"]
[SourceTitle "playchess.com"]
[Source "ChessBase"]
[SourceQuality "1"]
[TimeControl "40/5400+30:1800+30"]

1. c4 e5 2. Nc3 Nc6 3. g3 g6 4. Bg2 Bg7 5. Nf3 d6 6. O-O Nge7 7. d3 O-O 8. Bd2 Bd7 9. Rb1 Qc8 10. b4 Bh3 11. e3 Bxg2 12. Kxg2 f5 13. b5 Nd8 14. Nd5 Qd7 15. Qb3 Ne6 16. c5 Kh8 17. Nxe7 Qxe7 18. cxd6 cxd6 19. Qd5 e4 20. dxe4 fxe4 21. Qxe4 Nf4+ 22. Qxf4 Rxf4 23. exf4 d5 24. Rfe1 Qd7 25. Bb4 Re8 26. Rxe8+ Qxe8 27. Rc1 h6 28. a4 Qe4 29. Bd6 Qxa4 30. Rc8+ Kh7 31. Rc7 Kg8 32. Rxb7 d4 33. Bc5 Qc4 34. Bxa7 Qd5 35. Rb8+ Kh7 36. h4 Bf6 37. Rb6 d3 38. Rxf6 d2 39. f5 g5 40. hxg5 hxg5 41. Rd6 d1=Q 42. Rxd5 Qxd5 43. g4 Qe4 44. Bb8 Qxg4+ 45. Bg3 Qe4 46. Kh2 Qxf3 47. b6 Qc6 48. Bc7 Kg7 49. Be5+ Kf7 50. Bd4 Qe4 51. Be3 Kf6 0-1

[Event "WJCC U20 Girls 2019"]
[Site "New Delhi"]
[Date "2019.10.17"]
[Round "4.41"]
[White "Harshini A"]
[Black "Shivika Rohilla"]
[Result "1-0"]
[ECO "C91"]
[WhiteElo "2230"]
[BlackElo "1721"]
[Annotator "NA"]
[PlyCount "77"]
[EventDate "2019.10.15"]
[EventType "swiss"]
[EventCountry "IND"]
[SourceTitle "playchess.com"]
[Source "ChessBase"]
[SourceQuality "1"]
[TimeControl "40/5400+30:1800+30"]

1. e4 e5 2. Nf3 Nc6 3. Bb5 a6 4. Ba4 Nf6 5. O-O b5 6. Bb3 Be7 7. Re1 d6 8. c3 O-O 9. d4 exd4 10. Nxd4 Nxd4 11. cxd4 c5 12. Nc3 Bb7 13. f3 Qc7 14. Bf4 Nh5 15. Be3 c4 16. Bc2 g6 17. Bh6 Rfe8 18. Qd2 Bf6 19. f4 Qb6 20. Rad1 Bh8 21. f5 Nf6 22. Qf4 Nh5 23. Qf2 Nf6 24. h3 b4 25. Na4 Qc7 26. Qf4 Nh5 27. Qf3 Bg7 28. Bg5 h6 29. Bh4 Kh8 30. f6 Bf8 31. g4 g5 32. gxh5 gxh4 33. Rd2 d5 34. e5 b3 35. Rg2 Bc8 36. axb3 cxb3 37. Bxb3 Be6 38. Kh2 Bb4 39. Qe3 1-0

[Event "WJCC U20 Girls 2019"]
[Site "New Delhi"]
[Date "2019.10.17"]
[Round "4.42"]
[White "Dahampriya, H K T Dewnethmie"]
[Black "Tamarozi, Isabelle"]
[Result "1-0"]
[ECO "B27"]
[WhiteElo "1629"]
[BlackElo "2029"]
[Annotator "NA"]
[PlyCount "73"]
[EventDate "2019.10.15"]
[EventType "swiss"]
[EventCountry "IND"]
[SourceTitle "playchess.com"]
[Source "ChessBase"]
[SourceQuality "1"]
[TimeControl "40/5400+30:1800+30"]

1. e4 c5 2. Nf3 g6 3. e5 Nf6 4. d4 Nd5 5. dxc5 Bg7 6. Bc4 Nb6 7. Bb3 d5 8. O-O Bg4 9. h3 Bxf3 10. Qxf3 O-O 11. Nc3 Nc6 12. Be3 e6 13. Qe2 h6 14. f4 Ne7 15. g4 Qd7 16. a4 Rac8 17. Nb5 a6 18. Nd6 Rc7 19. Bd2 Nc6 20. Qd3 f5 21. gxf5 gxf5 22. Kh2 Rd8 23. Rg1 Nc4 24. Bxc4 dxc4 25. Qe3 Kh8 26. Bc3 Rf8 27. Nxc4 Nd4 28. Nb6 Nxc2 29. Nxd7 Nxe3 30. Nxf8 Bxf8 31. Rg6 Nd5 32. Rxe6 Nxf4 33. Rf6 Bg7 34. Rxf5 Nd3 35. e6 Bxc3 36. bxc3 Re7 37. Rd1 1-0

[Event "WJCC U20 Girls 2019"]
[Site "New Delhi"]
[Date "2019.10.17"]
[Round "4.43"]
[White "Mirza, Diana"]
[Black "Arushi Kotwal"]
[Result "1/2-1/2"]
[ECO "A48"]
[WhiteElo "1986"]
[BlackElo "1657"]
[Annotator "NA"]
[PlyCount "74"]
[EventDate "2019.10.15"]
[EventType "swiss"]
[EventCountry "IND"]
[SourceTitle "playchess.com"]
[Source "ChessBase"]
[SourceQuality "1"]
[TimeControl "40/5400+30:1800+30"]

1. d4 Nf6 2. Nf3 g6 3. Nbd2 d5 4. b4 Bg7 5. e3 c6 (5... a5 6. b5 c5 7. bxc6 Nxc6 8. Be2 O-O 9. O-O Bf5 10. c3 Qc7 11. a4 e5 12. Ba3 Rfc8 13. Rc1 {½-½ (25) Aronian,L (2765)-Vachier Lagrave,M (2778) Saint Louis 2019}) 6. c4 {[%emt 0:00:42] D02: 1 d4 d5 2 Nf3 sidelines, including 2...Nf6 3 g3 and 2...Nf6 3 Bf4} O-O 7. a4 Nbd7 8. Bd3 $146 ({Predecessor:} 8. Bb2 Re8 9. Be2 e5 10. Nxe5 Nxe5 11. dxe5 Nd7 12. f4 f6 13. cxd5 fxe5 14. dxc6 bxc6 {1-0 (38) Hrabusa,M (2335)-Frolov,A (2399) Prague 2017}) 8... a5 9. b5 c5 10. Bb2 cxd4 11. Bxd4 Re8 12. cxd5 Nxd5 13. Bxg7 Kxg7 14. Bc4 N7b6 15. Bb3 Nb4 16. O-O Bg4 17. Qb1 Bxf3 18. Nxf3 e6 19. Qe4 Qd3 20. Qe5+ Kg8 21. Nd4 Nc4 $14 22. Qg5 e5 23. Rfd1 Nd2 24. Qf6 Nxb3 25. Rxd3 Nxa1 26. Rd1 exd4 27. Rxa1 d3 28. Rd1 Re6 29. Qc3 b6 30. h4 h5 31. g3 Rd8 32. Kg2 Rd5 33. Qc8+ Kg7 34. Qc3+ Kg8 35. Qc8+ Kg7 36. Qc3+ Kf8 37. Qc8+ Kg7 1/2-1/2

[Event "WJCC U20 Girls 2019"]
[Site "New Delhi"]
[Date "2019.10.17"]
[Round "4.44"]
[White "Punsalan, Vyanla M"]
[Black "Rousseau, Christilla"]
[Result "1/2-1/2"]
[ECO "B12"]
[WhiteElo "1964"]
[BlackElo "1648"]
[Annotator "NA"]
[PlyCount "88"]
[EventDate "2019.10.15"]
[EventType "swiss"]
[EventCountry "IND"]
[SourceTitle "playchess.com"]
[Source "ChessBase"]
[SourceQuality "1"]
[TimeControl "40/5400+30:1800+30"]

1. e4 c6 2. d4 d5 3. e5 Bf5 4. Nf3 e6 5. a3 c5 6. dxc5 Bxc5 7. b4 Bb6 8. Nbd2 Ne7 9. Bb2 O-O 10. c4 a5 11. c5 Bc7 12. b5 Nd7 13. Rc1 Ng6 14. Qe2 Qb8 15. b6 Bxe5 16. Nxe5 Ngxe5 17. Qb5 Nc6 18. g4 Bg6 19. Qa4 Nde5 20. Rg1 Nd3+ 21. Bxd3 Bxd3 22. Rg3 Bg6 23. h4 f6 24. h5 Be8 25. g5 f5 26. g6 h6 27. f4 Qd8 28. Kf2 Qe7 29. Qb3 Rd8 30. Nf3 Kh8 31. Qe3 a4 32. Nd4 Nxd4 33. Bxd4 Qh4 34. Kg2 Bd7 35. Rh1 Qe7 36. Kh3 Bc6 37. Re1 Rde8 38. Be5 Qd7 39. Qd4 Ra8 40. Rge3 Rfe8 41. Bd6 Ra5 42. Rb1 Raa8 43. Rbe1 Ra5 44. Rb1 Raa8 1/2-1/2

[Event "WJCC U20 Girls 2019"]
[Site "New Delhi"]
[Date "2019.10.17"]
[Round "4.45"]
[White "Figueroa Bernal, Julia Dennis"]
[Black "Du Plessis, Anika"]
[Result "1/2-1/2"]
[ECO "B33"]
[WhiteElo "1777"]
[BlackElo "1594"]
[Annotator "NA"]
[PlyCount "94"]
[EventDate "2019.10.15"]
[EventType "swiss"]
[EventCountry "IND"]
[SourceTitle "playchess.com"]
[Source "ChessBase"]
[SourceQuality "1"]
[TimeControl "40/5400+30:1800+30"]

1. e4 c5 2. Nf3 Nc6 3. d4 cxd4 4. Nxd4 Nf6 5. Nc3 e5 6. Ndb5 d6 7. Bg5 a6 8. Na3 b5 9. Nd5 Be7 10. Bxf6 Bxf6 11. Bd3 Be6 12. c3 g6 13. Nc2 Bg7 14. Nce3 O-O 15. Qf3 Ne7 16. g4 Nxd5 17. exd5 Bd7 18. Rg1 Qg5 19. Qg3 Rae8 20. h4 Qf4 21. h5 Qxg3 22. Rxg3 e4 23. Be2 Be5 24. Rg2 Bf4 25. O-O-O Kg7 26. Kb1 Bxe3 27. fxe3 Re5 28. Rd4 f5 29. hxg6 hxg6 30. gxf5 Rfxf5 31. Kc2 Kf6 32. Rh2 Be8 33. Bg4 Rg5 34. Be6 Kg7 35. Rf2 Rg3 36. Kd2 Rgg5 37. a4 bxa4 38. Rb4 Rg3 39. Rb8 Bb5 40. Rg8+ Kh6 41. Rd8 Rf3 42. Rg2 Rg5 43. Rh8+ Kg7 44. Rg8+ Kh6 45. Bg4 Rxd5+ 46. Kc2 Rxe3 47. Bd1 Kh7 1/2-1/2